 Dungeon Crawl Stone Soup version 0.30-b1-2-g02819fbbbe (webtiles) character file.

Game seed: 10535978817055162386

3630 Flibulle the Slicer (level 10, -1/56 HPs)
             Began as a Vine Stalker Fighter on July 15, 2023.
             Slain by an entropy weaver (shapeshifter) (6 damage)
             ... on level 8 of the Dungeon.
             The game lasted 00:36:55 (6484 turns).

Flibulle the Slicer (Vine Stalker Fighter)          Turns: 6484, Time: 00:36:55

Health: -1/56      AC: 23    Str: 19    XL:     10   Next: 11%
Magic:  0/11       EV: 10    Int:  8    God:
Gold:   720        SH:  5    Dex: 18    Spells: 9/9 levels left

rFire   . . .        C - +0 dagger (elec)
rCold   . . .        c - +0 buckler
rNeg    . . .        r - +0 plate armour
rPois   .            (no helmet)
rElec   .            y - +1 cloak {Will+}
rCorr   .            F - +2 pair of gloves
SInv    .            n - +2 pair of boots
Will    ++...        (no amulet) Stlth
                     H - +4 ring of protection
HPRegen 1.09/turn    D - +5 ring of evasion
MPRegen 0.12/turn

%: guardian spirit
@: studying Stealth
A: fangs 3, regeneration 1, magic shield, antimagic bite, no potion heal 2
a: no special abilities


You were on level 8 of the Dungeon.
You visited 2 branches of the dungeon, and saw 9 of its levels.

You collected 720 gold pieces.

Inventory:

Hand Weapons
 a - a +1 rapier
 C - a +0 dagger of electrocution (weapon)
Missiles
 j - 13 poisoned darts
 m - 13 boomerangs
Armour
 c - a +0 buckler (worn)
 n - a +2 pair of boots (worn)
 r - a +0 plate armour (worn)
 y - a +1 cloak of willpower (worn)
 F - a +2 pair of gloves (worn)
Jewellery
 i - a +6 ring of intelligence
 D - a +5 ring of evasion (right hand)
 H - a +4 ring of protection (left hand)
Wands
 p - a wand of mindburst (11)
 t - a wand of light (13) (quivered)
 A - a wand of flame (25)
Scrolls
 f - 5 scrolls of immolation
 g - 7 scrolls of identify
 k - a scroll of butterflies
 o - 2 scrolls of poison {unknown}
 q - 4 scrolls of teleportation
 v - a scroll of amnesia {unknown}
 w - 3 scrolls of enchant armour
 B - a scroll of blinking
 G - a scroll of fear {unknown}
Potions
 b - 2 potions of attraction
 d - a potion of might
 e - 4 potions of curing
 h - 3 potions of brilliance
 l - a potion of haste
 s - 2 potions of lignification
 u - 3 potions of magic
 x - a potion of flight {unknown}
 z - 3 potions of mutation {unknown}
 E - a potion of berserk rage {unknown}


   Skills:
 + Level 8.0 Fighting
 * Level 10.8 Short Blades
 - Level 2.4 Armour
 - Level 1.4 Stealth
 - Level 2.6 Shields


You had 9 spell levels left.
You didn't know any spells.
Your spell library contained the following spells:

 Spells                   Type           Power      Damage    Failure   Level
 Apportation              Tloc           0%         N/A       100%        1
 Necrotise                Necr           0%         1d4       100%        1
 Slow                     Hex            0%         N/A       100%        1
 Summon Small Mammal      Summ           0%         N/A       100%        1
 Cigotuvi's Dreadful Rot  Necr/Pois/Air  0%         N/A       100%        2
 Searing Ray              Conj           0%         2d4       100%        2
 Confusing Touch          Hex            0%         N/A       100%        3
 Frozen Ramparts          Ice            0%         1d1       100%        3
 Vampiric Draining        Necr           0%         2d6       100%        3
 Ice Form                 Ice/Tmut       0%         N/A       100%        4
 Summon Ice Beast         Ice/Summ       0%         N/A       100%        4
 Haunt                    Necr/Summ      0%         N/A       100%        7
 Lehudib's Crystal Spear  Conj/Erth      0%         10d2      100%        8


Dungeon Overview and Level Annotations

Branches:
Dungeon (8/15)             Temple (1/1) D:7
   Lair: D:8-11

Altars:
Cheibriados
Fedhas
Hepliaklqana
Okawaru
Ru
Sif Muna
Trog
Vehumet
Wu Jian
Xom
Yredelemnul


Innate Abilities, Weirdness & Mutations

You have razor-sharp teeth.
Your natural rate of healing is unusually fast.
When hurt, damage is shared between your health and your magic reserves.
Your bite disrupts and absorbs the magic of your enemies.
Potions cannot restore your health.


Message History

You bite the entropy weaver, but do no damage.
The entropy weaver is severely wounded.
You hit the entropy weaver.
The entropy weaver is severely wounded.
The entropy weaver hits you but does no damage.
The entropy weaver closely misses you.
The entropy weaver hits you but does no damage.
The entropy weaver barely misses you.
You hit the entropy weaver. Your bite misses the entropy weaver.
The entropy weaver is severely wounded.
The entropy weaver hits you but does no damage.
The entropy weaver barely misses you. The entropy weaver hits you.
The entropy weaver hits you!
* * * LOW HITPOINT WARNING * * *
You hit the entropy weaver but do no damage.
Lightning courses through the entropy weaver!
The entropy weaver is almost dead.
You hit the entropy weaver. Your bite misses the entropy weaver.
The entropy weaver is almost dead.
The entropy weaver hits you but does no damage.
The entropy weaver hits you.
* * * LOW HITPOINT WARNING * * *
You block the entropy weaver's attack.
The entropy weaver hits you but does no damage.
You hit the entropy weaver. Your bite misses the entropy weaver.
The entropy weaver is almost dead.
The entropy weaver hits you!
* * * LOW HITPOINT WARNING * * *
The entropy weaver hits you but does no damage. x2
You block the entropy weaver's attack.
The boulder beetle waves its antennae.
The boulder beetle curls into a ball and begins rolling!
The entropy weaver hits you!
* * * LOW HITPOINT WARNING * * *
You block the entropy weaver's attack. x2
The entropy weaver closely misses you.
The entropy weaver attacks as you move away!
The entropy weaver hits you but does no damage. x2
The entropy weaver hits you.
You die...

...##.# ###)##..## ...##.##
##..###..# ###
8..##..######........#.....
...........................
##.##...#####....###.......
##.##.#.####...###.#.......
##.##.#))....###...##......
....#.##.#####.).B..#......
##.<#.##.# #...†@#..##.....
###......####..###u..#.....
###.....###.'...###..##....
.##..####...##..#.....# #
..#..##......#......#B#z#
#..#..##..#..##...###z..#
#......#......#.###......#
#......##...#####.....#..#
.)......#.#'#.#.....###...#


You could see an entropy weaver (magic disrupted).

Vanquished Creatures
  Grinder (D:4)
  A troll (D:4)
  A vampire (D:5)
  A wyvern (D:8)
  2 steam dragons (D:6)
  Edmund (D:5)
  Duvessa (D:4)
  2 orc warriors
  2 sky beasts
  2 ogres
  A centaur (D:8)
  A phantom (D:5)
  Blork the orc (D:5)
  3 bullfrogs
  4 scorpions
  Dowan (D:4)
  2 wights (D:8)
  4 howler monkeys
  2 hounds
  3 jellies
  5 orc priests
  2 gnoll boudas (D:7)
  2 sleepcaps
  Crazy Yiuf (D:4)
  3 iguanas
  8 orc wizards
  10 gnolls
  9 adders
  3 shadow imps
  An ufetubus (D:5)
  3 worms
  2 dart slugs
  46 orcs
  2 ball pythons
  2 endoplasms
  5 goblins
  3 hobgoblins
  3 jackals (D:4)
  A quokka (D:2)
  A bat (D:3)
  5 frilled lizards (D:1)
  6 kobolds
  3 rats
162 creatures vanquished.

Notes
Turn   | Place    | Note
-------+----------+-------------------------------------------
     0 | D:1      | Flibulle the Vine Stalker Fighter began the quest for the
                  | Orb.
     0 | D:1      | Reached XP level 1. HP: 11/11 MP: 2/2
    38 | D:1      | Found a faded altar of an unknown god.
   191 | D:1      | Reached skill level 2 in Short Blades
   191 | D:1      | Reached skill level 1 in Stealth
   233 | D:1      | Reached XP level 2. HP: 16/16 MP: 3/3
   974 | D:2      | Reached XP level 3. HP: 15/20 MP: 4/4
  1614 | D:2      | Reached skill level 3 in Short Blades
  1646 | D:3      | Got Tiapar's Quarto of Energetic Unholy Arts
  1688 | D:3      | Gained mutation: Your natural rate of healing is unusually
                  | fast. [Vine Stalker growth]
  1688 | D:3      | Reached XP level 4. HP: 20/24 MP: 5/5
  1942 | D:3      | Noticed a scorpion
  1950 | D:3      | Killed a scorpion
  1951 | D:3      | Reached XP level 5. HP: 20/28 MP: 4/6
  2158 | D:4      | Noticed an orc warrior
  2170 | D:4      | Reached skill level 4 in Short Blades
  2267 | D:4      | Killed an orc warrior
  2268 | D:4      | Reached XP level 6. HP: 17/33 MP: 4/7
  2494 | D:4      | Reached skill level 5 in Short Blades
  2591 | D:4      | Found a shimmering blue altar of Sif Muna.
  2598 | D:4      | Got Sif Muna's Dissertation on Inhalation
  2603 | D:4      | Found a bloodstained altar of Trog.
  2676 | D:4      | Found a runed translucent door.
  2677 | D:4      | Noticed Crazy Yiuf
  2684 | D:4      | Killed Crazy Yiuf
  2759 | D:4      | Noticed Grinder
  2788 | D:4      | Killed Grinder
  2789 | D:4      | Reached XP level 7. HP: 38/38 MP: 8/8
  2871 | D:4      | Noticed Dowan
  2871 | D:4      | Noticed Duvessa
  2906 | D:4      | Killed Duvessa
  2907 | D:4      | Reached skill level 5 in Fighting
  2907 | D:4      | Reached skill level 6 in Short Blades
  2918 | D:4      | Killed Dowan
  3345 | D:5      | Entered Level 5 of the Dungeon
  3466 | D:5      | Noticed a vampire
  3488 | D:5      | Killed a vampire
  3489 | D:5      | Reached skill level 7 in Short Blades
  3489 | D:5      | Gained mutation: You have razor-sharp teeth. [Vine Stalker
                  | growth]
  3489 | D:5      | Reached XP level 8. HP: 28/44 MP: 7/9
  3517 | D:5      | Noticed a troll
  3532 | D:4      | Killed a troll
  4013 | D:5      | Reached skill level 8 in Short Blades
  4115 | D:5      | Noticed Blork the orc
  4125 | D:5      | Killed Blork the orc
  4143 | D:5      | Noticed Edmund
  4168 | D:5      | Killed Edmund
  4169 | D:5      | Reached XP level 9. HP: 46/49 MP: 8/10
  4689 | D:6      | Reached skill level 9 in Short Blades
  4984 | D:6      | Found a hazy altar of Hepliaklqana.
  5181 | D:7      | Found a staircase to the Ecumenical Temple.
  5249 | Temple   | Entered the Ecumenical Temple
  5741 | D:7      | Found an iron altar of Okawaru.
  6110 | D:8      | Reached skill level 10 in Short Blades
  6335 | D:8      | Reached XP level 10. HP: 56/56 MP: 11/11
  6449 | D:8      | Noticed a boulder beetle
  6450 | D:8      | Noticed a brown ugly thing
  6451 | D:8      | Noticed an entropy weaver
  6484 | D:8      | Slain by an entropy weaver (shapeshifter)

Illustrated notes

Levels and vault maps discovered:
D:1:      dpeg_arrival_pits, layout_loops_ring,
          hellmonk_ecumenical_altar_heavens_door, minmay_lizard_pond
D:2:      layout_basic
D:3:      layout_rooms
D:4:      layout_basic, nzn_overflow_gifts_of_might_and_magic,
          makhleb_altar_promises_db, uniq_duvessa, uniq_grinder,
          uniq_crazy_yiuf_cottage
D:5:      layout_basic, hangedman_decor_growths, minmay_misc_feat_enclosed,
          minmay_manual_monstrance, uniq_blork_the_orc, uniq_edmund
D:6:      kennysheep_steamy, layout_rooms, kennysheep_little_box, st_stairs_1
D:7:      layout_loops_cross, amcnicky_altar_gilded,
          minmay_temple_entry_stoned_glass
D:8:      minmay_slanted_spiral_squares, layout_rooms,
          nicolae_uskayaw_dance_studio, grunt_ministairs_2, minmay_between
Temple:   nicolae_temple_bog_church

Skill      XL: |  1  2  3  4  5  6  7  8  9 10 |
---------------+-------------------------------+-----
Short Blades   | 2 3 4 5 7 8 10 | 10.8
Stealth        | 1 |  1.4
Fighting       | 3 4 5 6 7 8 |  8.0
Armour         | |  2.4
Shields        | |  2.6

Action                     |  1- 3 |  4- 6 |  7- 9 | 10-12 || total
---------------------------+-------+-------+-------+-------++-------
  Melee: Rapier            |    95 |   153 |   371 |       ||   619
         Bite              |    19 |    37 |   171 |    16 ||   243
         Dagger            |       |       |    90 |    46 ||   136
  Throw: Boomerang         |       |     4 |       |       ||     4
         Throwing net      |       |       |     1 |       ||     1
    Use: Scroll            |       |     6 |     7 |       ||    13
   Stab: Held in net/web   |       |       |     3 |       ||     3
 Armour: Scale mail        |     6 |       |       |       ||     6
         Chain mail        |    30 |     5 |       |       ||    35
         Plate armour      |       |    53 |   181 |    35 ||   269
  Dodge: Dodged            |    28 |    34 |    82 |    19 ||   163
  Block: Buckler           |    14 |    22 |    65 |    10 ||   111
